 Dungeon Crawl Stone Soup version 0.28.0-53-g5a82cb258f (webtiles) character file.

Game seed: 12302684792219121773

145 zdrol the Chopper (level 5, -2/46 HPs)
             Began as a Minotaur Fighter on June 24, 2022.
             Slain by a gnoll
             ... wielding a +0 spear
              (3 damage)
             ... on level 4 of the Dungeon.
             The game lasted 00:08:27 (2040 turns).

zdrol the Chopper (Minotaur Fighter)                Turns: 2040, Time: 00:08:28

Health: -2/46      AC: 16    Str: 23    XL:     5   Next: 6%
Magic:  4/4        EV:  7    Int:  5    God:
Gold:   78         SH:  4    Dex:  9    Spells: 4/4 levels left

rFire   . . .      SeeInvis .   a - +1 war axe
rCold   . . .      Faith    .   c - +0 buckler
rNeg    . . .      Spirit   .   e - +0 crystal plate armour
rPois   .          Reflect  .   (helmet restricted)
rElec   .          Harm     .   (no cloak)
rCorr   .          Rampage  .   (no gloves)
Will    .....                   (no boots)
Stlth   ..........              (no amulet)
HPRegen 0.15/turn               g - +4 ring of evasion
MPRegen 0.09/turn               (no ring)

@: brilliant, lit by a corona, glowing
A: horns 2, retaliatory headbutt
a: no special abilities


You were on level 4 of the Dungeon.
You visited 1 branch of the dungeon, and saw 4 of its levels.

You collected 78 gold pieces.

Inventory:

Hand Weapons
 a - a +1 war axe (weapon)
Missiles
 b - 2 poisoned darts (quivered)
Armour
 c - a +0 buckler (worn)
 e - a +0 crystal plate armour (worn)
Jewellery
 g - a +4 ring of evasion (left hand)
Scrolls
 h - a scroll of blinking {unknown}
 i - a scroll of identify
 l - 2 scrolls of vulnerability
Potions
 d - a potion of might
 f - a potion of curing {unknown}
 k - a potion of brilliance


   Skills:
 - Level 3.9 Fighting
 * Level 5.9 Axes
 - Level 3.7 Armour
 - Level 4.0 Shields


You had 4 spell levels left.
You didn't know any spells.
Your spell library contained the following spells:

 Spells                   Type           Power      Damage    Failure   Level
 Magic Dart               Conj           0%         1d3       100%        1
 Slow                     Hex            0%         N/A       100%        1
 Searing Ray              Conj           0%         2d4       100%        2
 Fulminant Prism          Conj/Hex       0%         3d6       100%        4


Dungeon Overview and Level Annotations

Branches:
Dungeon (4/15)
 Temple: D:4-7

Altars:


Innate Abilities, Weirdness & Mutations

You have a pair of horns on your head.
You reflexively headbutt those who attack you in melee.


Message History

You hit the gnoll. Your headbutt misses the gnoll.
The gnoll is almost dead.
You hit the quokka but do no damage. You hit the gnoll.
The quokka closely misses you. You furiously retaliate!
You headbutt the quokka!
You kill the quokka!
You block the gnoll's attack.
You barely miss the gnoll.
The gnoll is almost dead.
You hit the gnoll. The gnoll barely misses you.
The gnoll hits you with a +0 flail.
The gnoll hits you from afar with a +0 spear!
You hit the gnoll.
The gnoll is moderately wounded.
You closely miss the gnoll shaman. You slash the gnoll!
You kill the gnoll!
The gnoll hits you with a +0 whip.
* * * LOW HITPOINT WARNING * * *
The gnoll hits you but does no damage. The gnoll shaman barely misses you.
You have reached level 5!
It was a potion of brilliance.
You feel clever all of a sudden. The gnoll hits you with a +0 whip.
* * * LOW HITPOINT WARNING * * *
The gnoll closely misses you. The gnoll hits you but does no damage.
The gnoll shaman hits you with a +0 club.
* * * LOW HITPOINT WARNING * * *
As you read the scroll labelled ZIUHIN CYOSHO, it crumbles to dust.
It is a scroll of enchant weapon.
Your +0 war axe glows red for a moment.
You block the gnoll's attack. The gnoll completely misses you.
The gnoll barely misses you.
The gnoll shaman hits you with a +0 club.
* * * LOW HITPOINT WARNING * * *
You barely miss the gnoll.
The gnoll is moderately wounded.
You slash the gnoll!
You kill the gnoll!
You hit the gnoll shaman. The gnoll hits you but does no damage.
The gnoll hits you from afar with a +0 spear.
You die...

##....#)##..##.# .
.###.(..##....##
.............####
#..#.........###
#..........#...##
......##.....#.....
..#..$.)..........
.......#)g#g#.......
#..######@g........#
. ###........#
..#....... ..### #..
#. ..


You could see a gnoll shaman and 2 gnolls.

Vanquished Creatures
  A hound (D:4)
  Jessica (D:2)
  2 gnolls (D:4)
  2 adders (D:2)
  A white imp (D:4)
  2 dart slugs
  An orc (D:4)
  5 ball pythons
  3 endoplasms
  3 giant cockroaches (D:1)
  4 hobgoblins
  3 kobolds
  4 quokkas
  3 bats
  2 frilled lizards (D:1)
  6 goblins
  7 rats
50 creatures vanquished.

Vanquished Creatures (others)
  12 plants (D:1)
12 creatures vanquished.

Grand Total: 62 creatures vanquished

Notes
Turn   | Place    | Note
-------+----------+-------------------------------------------
     0 | D:1      | zdrol the Minotaur Fighter began the quest for the Orb.
     0 | D:1      | Reached XP level 1. HP: 19/19 MP: 0/0
   175 | D:1      | Reached XP level 2. HP: 27/27 MP: 1/1
   538 | D:1      | Reached skill level 3 in Axes
  1070 | D:1      | Found a faded altar of an unknown god.
  1257 | D:2      | Reached XP level 3. HP: 32/33 MP: 2/2
  1453 | D:2      | Reached skill level 4 in Axes
  1845 | D:2      | Noticed Jessica
  1852 | D:2      | Killed Jessica
  1853 | D:2      | Reached skill level 5 in Axes
  1853 | D:2      | Reached XP level 4. HP: 29/40 MP: 3/3
  1870 | D:2      | Got Jessica's Handbook of Enchantment
  2038 | D:4      | Reached XP level 5. HP: 14/46 MP: 4/4
  2039 | D:4      | HP: 1/46 [gnoll shaman/+0 club (6)]
  2040 | D:4      | Slain by a gnoll

Illustrated notes

Levels and vault maps discovered:
D:1:      sevenhm_arrival_forest_fort_small_5, layout_loops_corners,
          dilly_ecumenical_altar_fadedgnrine,
          nicolae_concentric_dashed_squares_mild
D:2:      layout_loops_ring, kennysheep_jessica_study
D:3:      layout_basic
D:4:      layout_rooms, old_standard_altar, minmay_temple_entry_enclosed_plants,
          minmay_misc_feat_tower, kennysheep_nub, hangedman_decor_lopped,
          small_statue_intersection, nicolae_shop_firing_range, uniq_sigmund,
          uniq_crazy_yiuf_cottage

Skill      XL: |  1  2  3 |
---------------+----------+-----
Shields        | 4 |  4.0
Axes           | 3 5 |  5.9
Fighting       | |  3.9
Armour         | |  3.7

Action                   |  1- 3 |  4- 6 || total
-------------------------+-------+-------++-------
Melee: War axe           |    82 |    27 ||   109
       Headbutt          |    10 |     3 ||    13
Throw: Dart              |     1 |       ||     1
  Use: Scroll            |     2 |     1 ||     3
       Potion            |       |     1 ||     1
Armor: Scale mail        |     9 |       ||     9
       Crystal plate arm |    53 |    24 ||    77
Dodge: Dodged            |    26 |    18 ||    44
Block: Buckler           |    17 |    13 ||    30
